 Dungeon Crawl Stone Soup version 0.19.5 (webtiles) character file.

823 vatarom the Chiller (level 7, -7/41 HPs)
             Began as an Octopode Ice Elementalist on Mar 7, 2017.
             Mangled by an iguana (14 damage)
             ... on level 6 of the Dungeon.
             The game lasted 00:16:41 (7230 turns).

vatarom the Chiller (Octopode Ice Elementalist)     Turns: 7230, Time: 00:16:41

Health: -7/41      AC:  1    Str:  7    XL:     7   Next: 96%
Magic:  5/14       EV: 13    Int: 20    God:
Gold:   245        SH:  6    Dex: 12    Spells: 4 memorised, 6 levels left

rFire  . . .     SeeInvis .     f - +1 dagger (venom)
rCold  . . .     Gourm    .     (no shield)
rNeg   . . .     Faith    .     (helmet restricted)
rPois  .         Spirit   .     o - +6 amulet of reflection
rElec  .         Reflect  +     (no ring)
rCorr  .         Harm     .     (no ring)
MR     .....                    (no ring)
Stlth  +++.......               (no ring)
                                (no ring)
                                (no ring)
                                (no ring)
                                (no ring)

@: very slightly contaminated
A: almost no armour, stealthy swim, amphibious, 8 rings, constrict 8, camouflage
1, gelatinous body 1
a: no special abilities


You were on level 6 of the Dungeon.
You were not hungry.

You visited 2 branches of the dungeon, and saw 7 of its levels.

You collected 245 gold pieces.

Inventory:

Hand Weapons
 f - a +1 dagger of venom (weapon)
Jewellery
 o - a +6 amulet of reflection (around mantle)
 p - an uncursed amulet of the gourmand
Wands
 m - a wand of disintegration (20/24)
Scrolls
 c - 2 scrolls of enchant armour
 d - 4 scrolls of fear
 h - 3 scrolls of remove curse
 j - 4 scrolls of identify
 k - a scroll of teleportation
 l - 2 scrolls of magic mapping
 n - a scroll of recharging
 r - a scroll of amnesia
Potions
 e - 3 potions of agility
 g - 2 potions of lignification
Books
 a - a book of Frost

   Spells                             Type                      Level
   a - Freeze                         Ice                          1
   b - Throw Frost                    Conjuration/Ice              2
   c - Ozocubu's Armour               Charms/Ice                   3
   d - Throw Icicle                   Conjuration/Ice              4
   e - Summon Ice Beast               Ice/Summoning                4
 q - a book of Cantrips

   Spells                             Type                      Level
   a - Confusing Touch                Hexes                        1
   b - Animate Skeleton               Necromancy                   1
   c - Summon Small Mammal            Summoning                    1
   d - Apportation                    Translocation                1
Comestibles
 b - 7 bread rations
 i - a beef jerky


   Skills:
 - Level 2.0 Dodging
 - Level 2.6 Stealth
 + Level 5.3 Spellcasting
 - Level 1.0 Conjurations
 - Level 7.3 Ice Magic


You had 6 spell levels left.
You knew the following spells:

 Your Spells              Type           Power        Failure   Level  Hunger
a - Freeze                Ice            ####         1%          1    None
b - Throw Frost           Conj/Ice       ###...       2%          2    None
c - Ozocubu's Armour      Chrm/Ice       ###.....     10%         3    ##.....
d - Throw Icicle          Conj/Ice       ###.....     21%         4    ####...


Dungeon Overview and Level Annotations

Branches:
Dungeon (6/15)             Temple (1/1) D:5

Altars:
Ashenzari
Cheibriados
Elyvilon
Fedhas
Gozag
Kikubaaqudgha
Makhleb
Nemelex Xobeh
Qazlal
Ru
Trog
Uskayaw
Vehumet
Xom
Yredelemnul
The Shining One

Annotations:
D:2 1 runed door
D:4 kraktruk's ghost, amateur GrGl
D:5 Scuka's ghost, novice DECj


Innate Abilities, Weirdness & Mutations

You cannot wear most types of armour.
You are very stealthy in the water. (Stealth+)
You are amphibious.
You can wear up to eight rings at the same time.
You can use your tentacles to constrict eight enemies at once.
Your skin changes colour to match your surroundings (Stealth+).
Your rubbery body absorbs attacks. (AC +1, EV +1)


Message History

Found a stone staircase leading up.
An iguana comes into view.
The iguana hisses angrily.
There is a stone staircase leading up here.
Casting: Freeze
Confirm with . or Enter, or press ? or * to list all spells.
Aiming: Throw Icicle
Press: ? - help, Shift-Dir - straight line, f - iguana
Aim: an iguana The shard of ice misses the iguana.
Casting: Throw Icicle
Confirm with . or Enter, or press ? or * to list all spells.
Aiming: Throw Icicle
Press: ? - help, Shift-Dir - straight line, f/p - iguana
Aim: an iguana You miscast Throw Icicle.
You are very lightly contaminated with residual magic.
Nothing appears to happen.
You block the iguana's attack.
You barely miss the iguana. Your grab misses the iguana. The iguana bites you!
You die...

....
........+
...
###......#
####.###
#####...##
....[.8..##
##.......#
##..8.....#
#......l..#
...$8..@..#
###.......#
##..8..##
##...##
#####


You could see an iguana.

Vanquished Creatures
  A scorpion (D:5)
  A killer bee (D:4)
  A howler monkey (D:6)
  2 crimson imps (D:6)
  2 orc priests (D:4)
  A bullfrog skeleton (D:5)
  A hound (D:5)
  Ijyb (D:2)
  A gnoll shaman (D:5)
  An iguana (D:6)
  Terence (D:2)
  An orc wizard (D:4)
  3 worker ants
  7 gnolls
  9 adders
  A shadow imp (D:6)
  An ooze (D:4)
  An adder skeleton (D:4)
  2 worms
  A dart slug (D:2)
  6 leopard geckos
  20 orcs
  2 ball pythons (D:1)
  2 giant cockroaches
  5 goblins
  13 hobgoblins
  7 jackals
  4 quokkas
  12 bats
  7 frilled lizards
  3 kobolds
  8 rats
128 creatures vanquished.

Notes
Turn   | Place    | Note
-------+----------+-------------------------------------------
     0 | D:1      | vatarom the Octopode Ice Elementalist began the quest for the Orb.
     0 | D:1      | Reached XP level 1. HP: 11/11 MP: 3/3
   276 | D:1      | Reached XP level 2. HP: 9/17 MP: 1/5
   873 | D:1      | Learned a level 2 spell: Throw Frost
  1067 | D:1      | Reached skill level 4 in Ice Magic
  1217 | D:1      | Reached XP level 3. HP: 5/21 MP: 6/6
  1469 | D:1      | Learned a level 3 spell: Ozocubu's Armour
  1804 | D:2      | Noticed Ijyb
  1816 | D:2      | Killed Ijyb
  1816 | D:2      | Reached XP level 4. HP: 17/27 MP: 0/7
  1997 | D:2      | Reached skill level 5 in Ice Magic
  2068 | D:2      | Noticed Terence
  2080 | D:2      | Killed Terence
  2272 | D:2      | Reached XP level 5. HP: 9/31 MP: 1/8
  2784 | D:2      | Found a runed door.
  3061 | D:3      | Reached skill level 6 in Ice Magic
  4191 | D:4      | Reached XP level 6. HP: 24/36 MP: 9/9
  4580 | D:4      | Reached skill level 7 in Ice Magic
  4747 | D:4      | Noticed kraktruk's ghost (amateur GrGl)
  5178 | D:5      | Entered Level 5 of the Dungeon
  5963 | D:5      | Reached XP level 7. HP: 35/41 MP: 7/11
  6209 | D:5      | Learned a level 4 spell: Throw Icicle
  6363 | D:5      | Noticed Scuka's ghost (novice DECj)
  6528 | D:5      | Found a staircase to the Ecumenical Temple.
  6539 | Temple   | Entered the Ecumenical Temple
  7203 | D:6      | Reached skill level 5 in Spellcasting
  7230 | D:6      | Mangled by an iguana

Skill      XL: |  1  2  3  4  5  6  7 |
---------------+----------------------+-----
Ice Magic      | 4 5 6 7 |  7.3
Spellcasting   | 5 |  5.3
Dodging        | |  2.0
Stealth        | |  2.6
Conjurations   | |  1.0

Action                   |  1- 3 |  4- 6 |  7- 9 || total
-------------------------+-------+-------+-------++-------
Melee: Unarmed           |    45 |   102 |       ||   147
       Constrict         |    14 |    47 |    15 ||    76
       Dagger            |     7 |    74 |    56 ||   137
       Tentacles         |     3 |    27 |    11 ||    41
 Cast: Freeze            |    23 |    48 |    26 ||    97
       Throw Frost       |     2 |    13 |     3 ||    18
       Ozocubu's Armour  |     4 |     3 |     4 ||    11
       Throw Icicle      |       |       |     1 ||     1
  Use: Scroll            |     8 |     3 |     1 ||    12
       Potion            |     3 |     5 |     1 ||     9
 Stab: Sleeping          |     2 |    13 |     2 ||    17
  Eat: Chunk             |     4 |    11 |       ||    15
       Meat ration       |       |     1 |       ||     1
       Bread ration      |       |     1 |       ||     1
       Pizza             |       |     1 |       ||     1
       Beef jerky        |       |       |     1 ||     1
Armor: Skin              |    13 |    33 |    11 ||    57
Dodge: Dodged            |    75 |   132 |    38 ||   245
Block: Other             |       |    24 |    17 ||    41
